 Dungeon Crawl Stone Soup version 0.30-a0-719-gcc4359ea44 (webtiles) character file.

Game seed: 13046777649814431813

416 Newt the Trooper (level 6, -1/41 (48) HPs)
             Began as a Demonspawn Gladiator on Jan 26, 2023.
             Shot with a bolt by an orc warrior (5 damage)
             ... on level 4 of the Dungeon.
             The game lasted 00:04:14 (3694 turns).

Newt the Trooper (Demonspawn Gladiator)             Turns: 3694, Time: 00:04:14

HP:   -1/41 (48)    AC:  6    Str: 16    XL:     6   Next: 60%
MP:   6/6           EV: 12    Int:  9    God:
Gold: 152           SH:  0    Dex: 15    Spells: 5/5 levels left

rFire   . . .      SeeInvis .    m - +1 spear (freeze)
rCold   . . .      Faith    .    (no shield)
rNeg    . . .      Spirit   .    b - +0 leather armour
rPois   .          Reflect  .    c - +0 helmet
rElec   .          Harm     .    (no cloak)
rCorr   .          Rampage  .    (no gloves)
Will    .....                    (no boots)
Stlth   ++                       (no amulet)
HPRegen 0.26/turn                g - ring of wizardry
MPRegen 0.10/turn                (no ring)

@: heavily drained
A: yellow scales 1, demonic magic 1
a: no special abilities


You were on level 4 of the Dungeon.
You visited 1 branch of the dungeon, and saw 4 of its levels.

You collected 200 gold pieces.
You spent 48 gold pieces at shops.

Inventory:

Hand Weapons
 a - a +0 rapier
 k - a +0 hand axe of holy wrath
 m - a +1 spear of freezing (weapon)
Armour
 b - a +0 leather armour (worn)
 c - a +0 helmet (worn)
Jewellery
 f - an amulet of faith
 g - a ring of wizardry (left hand)
 t - a ring of wizardry
 w - a ring of flight
Wands
 n - a wand of flame (20)
Scrolls
 e - a scroll of amnesia {unknown}
 j - a scroll of teleportation
 o - 2 scrolls of identify
Potions
 h - a potion of mutation {unknown}
 i - 4 potions of attraction
 l - a potion of berserk rage {unknown}
 p - 3 potions of cancellation {unknown}
 r - a potion of magic {unknown}
 s - a potion of curing {unknown}
 u - a potion of flight {unknown}
 v - a potion of heal wounds {unknown}


   Skills:
 - Level 4.0 Fighting
 - Level 2.6 Short Blades
 + Level 3.1 Polearms
 - Level 4.0 Throwing
 - Level 2.6 Dodging
 - Level 2.0 Stealth


You had 5 spell levels left.
You didn't know any spells.
Your spell library contained the following spells:

 Spells                   Type           Power      Damage    Failure   Level
 Foxfire                  Conj/Fire      0%         2x1d4     21%         1
 Kiss of Death            Conj/Necr      0%         2d5       21%         1
 Call Canine Familiar     Summ           0%         N/A       50%         3
 Portal Projectile        Hex/Tloc       0%         N/A       50%         3
 Leda's Liquefaction      Hex/Erth       0%         N/A       86%         4


Dungeon Overview and Level Annotations

Branches:
Dungeon (4/15)
 Temple: D:4-7

Altars:
Sif Muna
Trog

Shops:
D:3 [*:


Innate Abilities, Weirdness & Mutations

You are partially covered in yellow scales. (AC +2)
Spells you cast may paralyse adjacent enemies.


Message History

An orc warrior is nearby!
Memorise Foxfire, consuming 1 spell level and leaving 4?
You start memorising the spell.
You continue memorising.
The orc warrior shouts!
The orc warrior unwields a +0 flail.
The orc warrior wields a +2 arbalest of draining.
You sense an unholy aura.
The orc warrior shoots a bolt.
Your memorisation is interrupted.
The bolt closely misses you.
The orc warrior shoots a bolt.
The bolt hits you!
You feel drained.
You reach to attack!
You hit the orc warrior. You freeze the orc warrior.
The orc warrior is lightly wounded.
The orc warrior shoots a bolt.
The bolt hits you!
You feel drained.
You reach to attack!
You hit the orc warrior but do no damage.
The orc warrior is lightly wounded.
The orc warrior shoots a bolt.
The bolt hits you!
You feel drained.
Throw: 2 throwing nets
Press: ? - help, Q - select action, (/) - cycle Shift-Dir - straight line, f/p - orc warrior
Aim: an orc warrior, wielding a +2 arbalest of draining and wearing a +0 plate armour (lightly wounded, 63% to hit)
You throw a throwing net.
The throwing net barely misses the orc warrior.
The orc warrior shoots a bolt.
The bolt closely misses you.
Reach: m) +1 spear (freeze)
Press: ? - help, Dir - move target, f/p - orc warrior
Aim: an orc warrior, wielding a +2 arbalest of draining and wearing a +0 plate armour (lightly wounded, about 35% to evade your +1 spear of freezing)
Okay, then.
Throw: throwing net
Press: ? - help, Q - select action, (/) - cycle Shift-Dir - straight line, f/p - orc warrior
Aim: an orc warrior, wielding a +2 arbalest of draining and wearing a +0 plate armour (lightly wounded, 63% to hit)
You throw a throwing net.
The throwing net barely misses the orc warrior.
Throw: dart (curare)
Press: ? - help, Q - select action, (/) - cycle Shift-Dir - straight line, f/p - orc warrior
Aim: an orc warrior, wielding a +2 arbalest of draining and wearing a +0 plate armour (lightly wounded, 63% to hit)
You throw a curare-tipped dart.
The curare-tipped dart barely misses the orc warrior.
The orc warrior shoots a bolt.
The bolt hits you!
* * * LOW HITPOINT WARNING * * *
You feel drained.
You die...

###### .....
#...# ##...#
##...#####
##...##._.#
##...###...#
#..@#∩#...##
#.o.###.).##
#(_.##...##
#####...###
##...##.#.
###...##....
###.....#....#
#........>....
#.............


You could see an orc warrior.

Vanquished Creatures
  An ogre (D:4)
  An orc priest (D:4)
  Terence (D:3)
  3 orc wizards
  Robin (D:3)
  3 gnolls
  5 adders
  A worm (D:3)
  5 dart slugs
  10 orcs
  3 ball pythons
  9 endoplasms
  A giant cockroach (D:3)
  17 goblins
  6 hobgoblins
  2 jackals (D:1)
  5 quokkas
  6 bats
  2 frilled lizards
  5 kobolds
  10 rats
97 creatures vanquished.

Notes
Turn   | Place    | Note
-------+----------+-------------------------------------------
     0 | D:1      | Newt the Demonspawn Gladiator began the quest for the Orb.
     0 | D:1      | Reached XP level 1. HP: 16/16 MP: 1/1
    62 | D:1      | Reached skill level 1 in Stealth
   140 | D:1      | Gained mutation: You are partially covered in yellow
                  | scales. (AC +2) [demonic ancestry]
   140 | D:1      | Reached XP level 2. HP: 19/22 MP: 2/2
   685 | D:1      | Gained mutation: Spells you cast may paralyse adjacent
                  | enemies. [demonic ancestry]
   685 | D:1      | Reached XP level 3. HP: 28/28 MP: 3/3
  1520 | D:2      | Reached XP level 4. HP: 36/37 MP: 4/4
  2090 | D:3      | Noticed Terence
  2098 | D:3      | Killed Terence
  2099 | D:3      | Reached XP level 5. HP: 41/42 MP: 5/5
  2121 | D:3      | Noticed Robin
  2146 | D:3      | Killed Robin
  2344 | D:3      | Found Jekhiton's Antique Armour Shop.
  2396 | D:3      | Found Udoem's Assorted Antiques.
  2407 | D:3      | Bought a scroll of identify for 48 gold pieces
  2765 | D:3      | Found Zeof Efru's Book Boutique.
  3196 | D:4      | Noticed an ogre
  3445 | D:4      | Killed an ogre
  3446 | D:4      | Reached XP level 6. HP: 32/48 MP: 6/6
  3627 | D:4      | Found a shimmering blue altar of Sif Muna.
  3652 | D:4      | Got Sif Muna's Almanac of Sinister Mysteries and
                  | Incineration
  3686 | D:4      | Found a bloodstained altar of Trog.
  3686 | D:4      | Noticed an orc warrior
  3694 | D:4      | Shot with a bolt by an orc warrior

Illustrated notes

Levels and vault maps discovered:
D:1:      dpeg_arrival_round_b, layout_basic, minmay_pentomino_w2
D:2:      layout_loops_ring
D:3:      layout_loops_corners, serial_shops, nicolae_shop_statue_plus, shop,
          shop, uniq_terence, uniq_robin
D:4:      minmay_general_purpose_star, layout_cave_pools,
          nicolae_dithmenos_the_darkroom, nzn_overflow_gifts_of_might_and_magic,
          uniq_grinder

Skill      XL: |  1  2  3  4  5  6 |
---------------+-------------------+-----
Stealth        | 1 2 |  2.0
Fighting       | 3 4 |  4.0
Throwing       | 3 4 |  4.0
Polearms       | 2 3 |  3.1
Short Blades   | |  2.6
Dodging        | |  2.6

Action                     |  1- 3 |  4- 6 || total
---------------------------+-------+-------++-------
  Melee: Rapier            |   160 |    56 ||   216
         Punch             |     2 |     1 ||     3
         Spear             |       |   125 ||   125
  Throw: Dart              |       |    10 ||    10
         Javelin           |       |     2 ||     2
         Throwing net      |       |     3 ||     3
    Use: Scroll            |     3 |     4 ||     7
   Stab: Sleeping          |     6 |     2 ||     8
         Held in net/web   |       |     1 ||     1
 Armour: Leather armour    |    45 |    52 ||    97
  Dodge: Dodged            |    96 |    72 ||   168

Table legend: (Time is in decaauts)
 A = Elapsed time spent in this place.
 B = Non-inter-level travel time spent in this place.
 C = Inter-level travel time spent in this place.
 D = Time resting spent in this place.
 E = Time spent auto-exploring this place.
 F = Levels seen in this place.
 G = Mean time per level.
                   A        B        C        D        E       F      G
               +--------+--------+--------+--------+--------+-----+--------+
         Total |   3715 |   3633 |     82 |    405 |   2468 |   4 |  928.8 |
       Dungeon |   3715 |   3633 |     82 |    405 |   2468 |   4 |  928.8 |
               +--------+--------+--------+--------+--------+-----+--------+

Top non-repeatable levels by time:
     D:3: 1452 daAuts
     D:1: 1184 daAuts
     D:2: 783 daAuts
     D:4: 295 daAuts
